 Dungeon Crawl Stone Soup version 0.28.0 (webtiles) character file.

Game seed: 16396812319406829020

56 RighteousDevil the Skirmisher (level 3, 0/36 HPs)
             Began as an Ogre Arcane Marksman on Feb 11, 2022.
             Succumbed to an adder's poison
             ... on level 2 of the Dungeon.
             The game lasted 00:02:35 (1765 turns).

RighteousDevil the Skirmisher (OgAM)                Turns: 1765, Time: 00:02:36

Health: 0/36       AC:  3    Str: 11 (14) XL:     3   Next: 95%
Magic:  4/4        EV:  9    Int: 13 (14) God:
Gold:   43         SH:  0    Dex: 10 (11) Spells: 3/4 levels left

rFire   . . .      SeeInvis .   e - +0 mace
rCold   . . .      Faith    .   (no shield)
rNeg    . . .      Spirit   .   a - +0 robe
rPois   .          Reflect  .   (helmet restricted)
rElec   .          Harm     .   (no cloak)
rCorr   .          Rampage  .   (gloves unavailable)
Will    .....                   (boots unavailable)
Stlth   +.........              (no amulet)
HPRegen 0.12/turn               (no ring)
MPRegen 0.09/turn               (no ring)

@: mighty, lethally poisoned (0 -> -7), attractive
A: large, unfitting armour, tough skin 1
a: no special abilities


You were on level 2 of the Dungeon.
You visited 1 branch of the dungeon, and saw 2 of its levels.

You collected 43 gold pieces.

Inventory:

Hand Weapons
 e - a +0 mace (weapon)
Missiles
 b - 4 large rocks (quivered)
 c - 2 throwing nets
Armour
 a - a +0 robe (worn)
Jewellery
 i - an amulet of faith
Potions
 f - a potion of degeneration
 h - a potion of brilliance {unknown}


   Skills:
 + Level 2.9 Fighting
 * Level 2.4 Maces & Flails
 - Level 2.0 Throwing
 - Level 1.7 Dodging
 - Level 1.2 Spellcasting
 - Level 2.6 Hexes


You had 3 spell levels left.
You knew the following spells:

 Your Spells              Type           Power      Damage    Failure   Level
a - Slow                  Hex            28%        N/A       10%         1

Your spell library contained the following spells:

 Spells                   Type           Power      Damage    Failure   Level
 Confusing Touch          Hex            7%         N/A       28%         3
 Inner Flame              Hex/Fire       4%         N/A       43%         3
 Portal Projectile        Hex/Tloc       8%         N/A       43%         3
 Vampiric Draining        Necr           0%         2d6       63%         3
 Cause Fear               Hex            3%         N/A       67%         4


Dungeon Overview and Level Annotations

Branches:
Dungeon (2/15)

Altars:


Innate Abilities, Weirdness & Mutations

You are too large for most types of armour.
You have tough skin. (AC +1)


Message History

You kill the quokka!
No target in view!
An adder comes into view.
The adder hisses angrily.
The adder closely misses you.
You barely miss the adder. The adder closely misses you.
You closely miss the adder. The adder closely misses you.
The adder completely misses you.
You barely miss the adder. The adder bites you. x2
You barely miss the adder. The adder bites you but does no damage.
You closely miss the adder. The adder bites you. x2
You are poisoned.
The adder poisons you!
You miss the adder.
You feel sick. The adder bites you. x2
You are too injured to fight recklessly!
You are too injured to fight recklessly!
You miss the adder.
You feel sick. The adder closely misses you.
You hit the adder.
The adder is heavily wounded.
You feel sick.
You are no longer poisoned.
The adder bites you.
* * * LOW HITPOINT WARNING * * *
You are poisoned.
The adder poisons you! The adder bites you.
* * * LOW HITPOINT WARNING * * *
It was a potion of degeneration.
There was something very wrong with that liquid.
You feel weakened.
You feel dopey.
You feel clumsy.
You feel sick. The adder bites you but does no damage.
It was a potion of attraction.
You feel attractive to monsters.
You feel sick. The adder bites you.
* * * LOW HITPOINT WARNING * * *
You are lethally poisoned!
The adder poisons you! The adder bites you.
* * * LOW HITPOINT WARNING * * *
It was a potion of might.
You feel very mighty all of a sudden.
You die...

....#### #.# ....# #.#
....###########.######.
....'..................
....###########)####.#
....# #......# ..###
#....†.# ..# #......#
..# #.....@# ..#
#...$.S# ### ####....
#..... #...... ####..#+
..# #.#


You could see an adder.

Vanquished Creatures
  An adder (D:2)
  3 dart slugs (D:1)
  4 ball pythons
  3 bats (D:1)
  3 endoplasms
  3 giant cockroaches (D:2)
  3 goblins (D:1)
  A hobgoblin (D:1)
  5 jackals (D:1)
  3 kobolds
  3 quokkas
  2 frilled lizards (D:1)
  5 rats
39 creatures vanquished.

Notes
Turn   | Place    | Note
-------+----------+-------------------------------------------
     0 | D:1      | RighteousDevil the Ogre Arcane Marksman began the quest for
                  | the Orb.
     0 | D:1      | Reached XP level 1. HP: 19/19 MP: 2/2
   423 | D:1      | Reached skill level 1 in Maces & Flails
   437 | D:1      | Reached XP level 2. HP: 28/28 MP: 3/3
   821 | D:1      | Reached XP level 3. HP: 25/36 MP: 4/4
  1765 | D:2      | Succumbed to an adder's poison

Illustrated notes

Levels and vault maps discovered:
D:1:      dpeg_arrival_water_temple_mockup, layout_basic, minmay_pentomino_v4
D:2:      layout_basic

Skill      XL: |  1  2  3 |
---------------+----------+-----
Maces & Flails | 1 2 |  2.4
Fighting       | 2 |  2.9
Throwing       | |  2.0
Dodging        | |  1.7
Spellcasting   | |  1.2
Hexes          | |  2.6

Action                   || total
-------------------------++-------
Melee: Mace              ||   143
       Punch             ||     3
  Use: Potion            ||     3
 Stab: Distracted        ||     1
Armor: Robe              ||    66
Dodge: Dodged            ||    97
